 Dungeon Crawl Stone Soup version 0.30-a0-726-gd89dcf765f (webtiles) character file.

Game seed: 1763382439737476890

919 Arximoufas the Cleaver (level 7, -1/64 HPs)
             Began as a Minotaur Fighter on Jan 29, 2023.
             Was a Believer of Qazlal.
             Slain by a lemure (3 damage)
             ... led by Pikel
             ... on level 5 of the Dungeon.
             The game lasted 00:06:58 (3414 turns).

Arximoufas the Cleaver (Minotaur Fighter)           Turns: 3414, Time: 00:06:58

Health: -1/64      AC:  8    Str: 22    XL:     7   Next: 83%
Magic:  6/6        EV:  9    Int:  5    God:    Qazlal [**....]
Gold:   263        SH:  7    Dex: 10    Spells: 6/6 levels left

rFire   + . .      SeeInvis .    a - +0 war axe
rCold   . . .      Faith    .    c - +0 buckler
rNeg    . . .      Spirit   .    b - +0 scale mail
rPois   .          Reflect  .    s - +0 hat
rElec   .          Harm     .    (no cloak)
rCorr   .          Rampage  .    (no gloves)
Will    .....                    t - +0 pair of boots Stlth
                                 (no amulet)
HPRegen 0.30/turn                v - ring of protection from fire
MPRegen 0.10/turn                (no ring)

@: mighty
A: horns 2, retaliatory headbutt
a: Renounce Religion, Upheaval


You were on level 5 of the Dungeon.
You worshipped Qazlal.
Qazlal was pleased with you.
You visited 2 branches of the dungeon, and saw 6 of its levels.

You collected 263 gold pieces.

Inventory:

Hand Weapons
 a - a +0 war axe (weapon)
Armour
 b - a +0 scale mail (worn)
 c - a +0 buckler (worn)
 s - a +0 hat (worn)
 t - a +0 pair of boots (worn)
Jewellery
 v - a ring of protection from fire (left hand)
Wands
 y - a wand of charming (12)
 A - a wand of acid (11)
Scrolls
 e - 2 scrolls of noise {unknown}
 f - 6 scrolls of identify {unknown}
 g - 2 scrolls of poison {unknown}
 i - a scroll of silence {unknown}
 k - a scroll of brand weapon {unknown}
 n - a scroll of vulnerability {unknown}
 o - 2 scrolls of magic mapping {unknown}
 p - a scroll of blinking {unknown}
 q - a scroll of amnesia {unknown}
 r - a scroll of acquirement {unknown}
 u - a scroll of immolation {unknown}
 x - a scroll of teleportation {unknown}
 z - a scroll of enchant weapon {unknown}
Potions
 h - a potion of degeneration {unknown}
 j - 3 potions of heal wounds {unknown}
 l - a potion of attraction {unknown}
 m - 2 potions of curing {unknown}
 w - 3 potions of berserk rage {unknown}


   Skills:
 + Level 6.7 Fighting
 * Level 8.5 Axes
 + Level 4.3 Armour
 - Level 5.0 Shields


You had 6 spell levels left.
You didn't know any spells.
Your spell library contained the following spells:

 Spells                   Type           Power      Damage    Failure   Level
 Sublimation of Blood     Necr           0%         N/A       95%         2
 Wereblood                Tmut           0%         N/A       95%         2
 Gell's Gravitas          Tloc           0%         N/A       99%         3
 Teleport Other           Tloc           0%         N/A       99%         3
 Dispersal                Tloc           0%         N/A       100%        6
 Summon Hydra             Summ           0%         N/A       100%        7


Dungeon Overview and Level Annotations

Branches:
Dungeon (5/15)             Temple (1/1) D:4

Altars:
Ashenzari
Cheibriados
Dithmenos
Elyvilon
Gozag
Hepliaklqana
Kikubaaqudgha
Makhleb
Nemelex Xobeh
Okawaru
Qazlal
Sif Muna
Trog
Wu Jian
Xom
Yredelemnul
Zin
The Shining One

Annotations:
D:5 Blork the orc, Pikel


Innate Abilities, Weirdness & Mutations

You have a pair of horns on your head.
You reflexively headbutt those who attack you in melee.


Message History

Blork the orc miscasts a cantrip.
The lemure hits you but does no damage.
Pikel hits you with a +1 whip of flaming!
* * * LOW HITPOINT WARNING * * *
Pikel burns you.
* * * LOW HITPOINT WARNING * * *
You hit Pikel. Your headbutt misses Pikel.
Pikel is moderately wounded.
You slash the lemure! You closely miss the lemure.
You block Blork the orc's attack. The lemure barely misses you.
Pikel hits you but does no damage. The lemure barely misses you.
You barely miss Pikel.
Pikel is moderately wounded.
You slash the lemure! You closely miss the lemure.
Blork the orc barely misses you.
Blork the orc hits you from afar with a +0 trident.
* * * LOW HITPOINT WARNING * * *
Pikel hits you with a +1 whip of flaming.
* * * LOW HITPOINT WARNING * * *
The lemure is engulfed in freezing vapours.
You kill the lemure!
That felt strangely unrewarding.
You slash Pikel! Your headbutt misses Pikel.
Pikel is heavily wounded.
You slash the lemure! You closely miss the lemure.
You block Blork the orc's attack. The lemure hits you but does no damage.
The lemure hits you.
* * * LOW HITPOINT WARNING * * *
You block Pikel's attack.
You slash Pikel!
Pikel is severely wounded.
You miss the lemure. You closely miss the lemure.
Blork the orc hits you from afar with a +0 trident.
* * * LOW HITPOINT WARNING * * *
Blork the orc points at you and mumbles some strange words.
You hear a sizzling sound!
The puff of flame hits you. You resist.
* * * LOW HITPOINT WARNING * * *
You block the lemure's attack. The lemure hits you.
You die...

###### #....## .##
#....'. ...#######
#....#. #.......#
#....## #>...?..#
#....+. .##......#
#######....## ......K)5#
#............
.....o.@5###.###########
.....5.......#
#............# ####
#......<.....# #...
##+#+##......# #.[.
#.$.......# #...
########### #... #...
#...


You could see Pikel, Blork the orc (fast) and 3 lemures.

Vanquished Creatures
  A black bear (D:5)
  An ogre (D:4)
  A lemure (D:5)
  A necrophage (D:4)
  2 scorpions
  2 hounds (D:4)
  4 orc priests
  A gnoll bouda (D:4)
  6 orc wizards
  Terence (D:2)
  An iguana (D:5)
  4 gnolls (D:4)
  7 adders
  A white imp (D:5)
  A worm (D:2)
  A dart slug (D:4)
  9 orcs
  9 endoplasms
  3 giant cockroaches
  6 goblins
  2 hobgoblins
  4 jackals (D:2)
  2 quokkas (D:1)
  7 ball pythons
  4 bats
  2 frilled lizards
  6 kobolds
  6 rats
95 creatures vanquished.

Vanquished Creatures (others)
  11 plants (D:4)
11 creatures vanquished.

Grand Total: 106 creatures vanquished

Notes
Turn   | Place    | Note
-------+----------+-------------------------------------------
     0 | D:1      | Arximoufas the Minotaur Fighter began the quest for the
                  | Orb.
     0 | D:1      | Reached XP level 1. HP: 19/19 MP: 0/0
   272 | D:1      | Reached XP level 2. HP: 27/27 MP: 1/1
   284 | D:1      | Reached skill level 3 in Axes
   991 | D:2      | Reached XP level 3. HP: 32/33 MP: 2/2
  1016 | D:2      | Found a stormy altar of Qazlal.
  1019 | D:2      | Noticed Terence
  1028 | D:2      | Killed Terence
  1029 | D:2      | Reached skill level 4 in Axes
  1029 | D:2      | Reached XP level 4. HP: 38/40 MP: 3/3
  1059 | D:2      | Became a worshipper of Qazlal Stormbringer
  1628 | D:3      | Reached XP level 5. HP: 19/47 MP: 4/4
  1757 | D:3      | Reached skill level 5 in Axes
  2246 | D:4      | Reached skill level 5 in Fighting
  2246 | D:4      | Reached skill level 5 in Shields
  2246 | D:4      | Reached * piety under Qazlal
  2249 | D:4      | Reached XP level 6. HP: 45/56 MP: 5/5
  2263 | D:4      | Reached skill level 6 in Axes
  2599 | D:4      | Found a staircase to the Ecumenical Temple.
  2627 | D:4      | Reached skill level 7 in Axes
  2627 | D:4      | Reached XP level 7. HP: 58/63 MP: 6/6
  2629 | Temple   | Entered the Ecumenical Temple
  3222 | D:5      | Entered Level 5 of the Dungeon
  3280 | D:5      | Reached skill level 8 in Axes
  3398 | D:5      | Noticed Blork the orc
  3401 | D:5      | Noticed Pikel
  3403 | D:5      | Reached ** piety under Qazlal
  3414 | D:5      | HP: 2/64 [Blork the orc/puff of flame (5)]
  3414 | D:5      | Slain by a lemure

Illustrated notes

Levels and vault maps discovered:
D:1:      evilmike_arrival_fibonacci_small, layout_basic
D:2:      layout_rooms, basic_altar, uniq_terence
D:3:      layout_rooms
D:4:      layout_basic, minmay_temple_entry_gardened_gates, dk_noncrumbling_3,
          nicolae_grassy_gnolls
D:5:      layout_basic, uniq_pikel, uniq_prince_ribbit1, uniq_sigmund,
          uniq_blork_the_orc
Temple:   nicolae_temple_no_exploring_needed

Skill      XL: |  1  2  3  4  5  6  7 |
---------------+----------------------+-----
Axes           | 3 4 5 7 8 |  8.5
Fighting       | 4 5 6 |  6.7
Shields        | 4 5 |  5.0
Armour         | 4 |  4.3

Action                     |  1- 3 |  4- 6 |  7- 9 || total
---------------------------+-------+-------+-------++-------
  Melee: War axe           |    71 |    96 |    49 ||   216
         Headbutt          |    12 |    13 |    10 ||    35
    Use: Potion            |       |     1 |     1 ||     2
 Armour: Scale mail        |    34 |    46 |    19 ||    99
  Dodge: Dodged            |    49 |    32 |    24 ||   105
  Block: Buckler           |    17 |    31 |    17 ||    65

Table legend: (Time is in decaauts)
 A = Elapsed time spent in this place.
 B = Non-inter-level travel time spent in this place.
 C = Inter-level travel time spent in this place.
 D = Time resting spent in this place.
 E = Time spent auto-exploring this place.
 F = Levels seen in this place.
 G = Mean time per level.
                   A        B        C        D        E       F      G
               +--------+--------+--------+--------+--------+-----+--------+
         Total |   3472 |   3236 |    236 |    587 |   2087 |   6 |  578.7 |
       Dungeon |   3459 |   3223 |    236 |    587 |   2075 |   5 |  691.8 |
        Temple |     13 |     13 |      0 |      0 |     12 |   1 |   13.0 |
               +--------+--------+--------+--------+--------+-----+--------+

Top non-repeatable levels by time:
     D:4: 993 daAuts
     D:1: 976 daAuts
     D:3: 743 daAuts
     D:2: 549 daAuts
     D:5: 196 daAuts
  Temple: 13 daAuts
